[Event "Tuesday 24 April Rapid Engine Tour 12+1 Rounds 9 Starts 1600ST"]
[Site "Infinity Chess"]
[Date "2018.4.24"]
[Round "6"]
[White "ocirema"]
[Black "Vimtiroba"]
[Result "1/2-1/2"]
[ECO "D30"]
[WhiteElo "2441"]
[BlackElo "2424"]
[WhiteEngine "Eman 1.70-beta21 64-bit POPCNT_CTG"]
[BlackEngine "AsmFish A10_CTG"]
[EventType "Swiss"]
[WhiteTeam ""]
[BlackTeam ""]
[PlyCount "175"]
[TimeControl "720+1"]

1. d4 d5 2. c4 e6 3. Nf3 Nf6 4. Nc3 c6 5. Bg5 h6 6. Bxf6 Qxf6 7. e3 Nd7 
8. Bd3 dxc4 9. Bxc4 g6 10. O-O Bg7 11. b4 O-O 12. a4 Qe7 13. Qb3 a5 14. b5 c5 
15. d5 Nb6 16. Rad1 Bxc3 17. Qxc3 exd5 18. Bxd5 Re8 19. h3 Bxh3 20. Bxf7+ Qxf7 
21. gxh3 Nxa4 22. Qa1 Re6 23. Ne5 Qf6 24. f4 Nb6 25. Qa2 c4 26. Qg2 Qg7 
27. Rf3 Kh7 28. Rg3 a4 29. Kh2 Rg8 30. Rg1 Nc8 31. Qd5 Qe7 32. Qxc4 Nd6 
33. Qc2 Qe8 34. Qxa4 Qxb5 35. Qc2 Qe8 36. Rd1 Rxe5 37. fxe5 Nf5 38. Rf3 Qxe5+ 
39. Kh1 Rg7 40. Qh2 Qe8 41. Qf4 Re7 42. Re1 b5 43. e4 b4 44. Kh2 h5 45. Rd3 Qc6 
46. Rdd1 Qc2+ 47. Rd2 Qc4 48. Rg2 Re6 49. Rf2 Re7 50. Rg2 Re6 51. Rb2 Re7 
52. Rbe2 Nd4 53. Rf2 Nf5 54. Rd2 Qc6 55. Rg2 Qe8 56. Rc2 b3 57. Rc4 Ra7 
58. Rc7+ Rxc7 59. Qxc7+ Ng7 60. Re2 Qb5 61. Rb2 Qd3 62. Rg2 Qxe4 63. Qg3 Qb1 
64. Qe3 Qd1 65. Qf4 Qd5 66. Qc7 Qd3 67. Qb6 Qf5 68. Qc7 Qe4 69. Qd6 Qb1 
70. Qg3 b2 71. Qd6 Qe4 72. Rxb2 Nf5 73. Qb8 Qe3 74. Ra2 Qe4 75. Rd2 Qe3 
76. Rg2 Qd4 77. Rb2 Ng7 78. Re2 Nf5 79. Ra2 Qe3 80. Rc2 Qd4 81. Rg2 Kh6 
82. Qf8+ Qg7 83. Qxg7+ Kxg7 84. Rg1 Kf6 85. Rb1 g5 86. Rf1 g4 87. hxg4 hxg4 
88. Ra1 1/2-1/2

[Event "Tuesday 24 April Rapid Engine Tour 12+1 Rounds 9 Starts 1600ST"]
[Site "Infinity Chess"]
[Date "2018.4.24"]
[Round "6"]
[White "CrapCleaner"]
[Black "MarioDeMonti"]
[Result "1/2-1/2"]
[ECO "C50"]
[WhiteElo "2457"]
[BlackElo "2450"]
[WhiteEngine "Raubfisch ME262_GTZ17b1_CTG"]
[BlackEngine "stockfish_x64_bmi2_2018_02_18_CTG"]
[EventType "Swiss"]
[WhiteTeam ""]
[BlackTeam ""]
[PlyCount "106"]
[TimeControl "720+1"]

1. e4 e5 2. Nf3 Nc6 3. Bc4 Bc5 4. O-O Nf6 5. d3 d6 6. c3 O-O 7. h3 a5 8. Nbd2 h6 
9. Re1 Be6 10. Bb5 Qb8 11. Nf1 Qa7 12. Re2 a4 13. Ng3 Qa5 14. Bxc6 bxc6 
15. Nh4 Rfe8 16. Re1 d5 17. exd5 Nxd5 18. Nhf5 Qb6 19. Qf3 Nf4 20. d4 Bf8 
21. dxe5 Ng6 22. Qh5 Ra5 23. Nd4 Bc5 24. Qd1 Rd8 25. Bd2 Raa8 26. Be3 Qxb2 
27. Ne4 Bxd4 28. cxd4 Nxe5 29. Nc5 Nc4 30. Nxe6 Nxe3 31. fxe3 fxe6 32. Qg4 Rd6 
33. Qe4 Re8 34. Reb1 Qe2 35. Rb4 a3 36. Rb3 Red8 37. Rf1 Rxd4 38. Qxe6+ Kh8 
39. Rxa3 R4d6 40. Qg4 Qxg4 41. hxg4 Kg8 42. Rc3 Ra8 43. a3 Ra4 44. Rf4 Rxf4 
45. exf4 Rd4 46. g3 g5 47. Rxc6 gxf4 48. gxf4 Rxf4 49. a4 Rxg4+ 50. Kf2 Rxa4 
51. Rxc7 Rg4 52. Kf3 Rg7 53. Rxg7+ Kxg7 1/2-1/2

[Event "Tuesday 24 April Rapid Engine Tour 12+1 Rounds 9 Starts 1600ST"]
[Site "Infinity Chess"]
[Date "2018.4.24"]
[Round "6"]
[White "Time_bandit"]
[Black "Longin"]
[Result "1/2-1/2"]
[ECO "C65"]
[WhiteElo "2468"]
[BlackElo "2486"]
[WhiteEngine "asmFishW_2018-04-11_bmi2"]
[BlackEngine "Raubfisch ME262_GTZ17b1_CTG"]
[EventType "Swiss"]
[WhiteTeam ""]
[BlackTeam ""]
[PlyCount "177"]
[TimeControl "720+1"]

1. e4 e5 2. Nf3 Nc6 3. Bb5 Nf6 4. O-O Nxe4 5. d4 Nd6 6. Bxc6 dxc6 7. dxe5 Nf5 
8. Qxd8+ Kxd8 9. Nc3 Bd7 10. Rd1 Kc8 11. Ng5 Be8 12. Rd3 b6 13. a4 c5 14. Nf3 c4 
15. Rd1 a5 16. Bf4 Bc5 17. Ne4 Bc6 18. Re1 Re8 19. Nxc5 bxc5 20. g4 Ne7 
21. Nd2 Nd5 22. Bg3 Nb4 23. Rec1 Bd5 24. f3 Rb8 25. Kf2 Rd8 26. Nf1 Nc6 
27. Rab1 Nd4 28. Nd2 Bc6 29. Nxc4 Nxf3 30. Nxa5 Be4 31. b3 Nd2 32. Ra1 Rb4 
33. Re1 Bd5 34. c4 Ba8 35. Bh4 Re8 36. Re3 Ne4+ 37. Ke2 Rxe5 38. Rf1 f6 
39. Rf5 Rxf5 40. gxf5 Rb6 41. Be1 Kd7 42. Rd3+ Ke7 43. Rh3 Kf7 44. Rd3 Ke7 
45. Rh3 Nd6 46. b4 Nxf5 47. b5 Re6+ 48. Kf1 Ne3+ 49. Kf2 Ng4+ 50. Kf1 Ne3+ 
51. Kf2 Ng4+ 52. Kf1 h6 53. Bf2 Re4 54. Bg1 g5 55. Rc3 Ne5 56. Bxc5+ Ke6 
57. Nb3 Rxc4 58. Rxc4 Nxc4 59. Bf8 h5 60. Bb4 h4 61. Kg1 f5 62. a5 Kd7 
63. Nc5+ Kc8 64. Ne6 g4 65. h3 Ne5 66. Nf4 Nf3+ 67. Kf2 Kd7 68. Bc3 Ng5 
69. Kg1 Nf3+ 70. Kf2 Ng5 71. Kg1 g3 72. Bf6 Nf3+ 73. Kf1 Bb7 74. Ke2 Ba8 
75. Kd3 Kd6 76. Ke3 Be4 77. Bd8 Kd7 78. Bf6 Kd6 79. Bd8 Kc5 80. Bxc7 Kxb5 
81. Bb6 Ng5 82. Bd8 g2 83. Kf2 Nf7 84. Bxh4 Kxa5 85. Nxg2 Bxg2 86. Kxg2 Kb5 
87. Be1 Ne5 88. h4 Ng6 89. Kg3 1/2-1/2

[Event "Tuesday 24 April Rapid Engine Tour 12+1 Rounds 9 Starts 1600ST"]
[Site "Infinity Chess"]
[Date "2018.4.24"]
[Round "6"]
[White "Murx"]
[Black "Thinker"]
[Result "1/2-1/2"]
[ECO "C50"]
[WhiteElo "2509"]
[BlackElo "2483"]
[WhiteEngine "asmFishW_2018-04-07_popcnt"]
[BlackEngine "BrainFish_180418_x64_modern_CTG"]
[EventType "Swiss"]
[WhiteTeam ""]
[BlackTeam ""]
[PlyCount "92"]
[TimeControl "720+1"]

1. e4 e5 2. Nf3 Nc6 3. Bc4 Bc5 4. O-O Nf6 5. d3 d6 6. Nc3 a6 7. Bg5 h6 
8. Bxf6 Qxf6 9. Nd5 Qd8 10. c3 Ba7 11. a4 O-O 12. h3 Ne7 13. Nxe7+ Qxe7 
14. Re1 Qf6 15. d4 Be6 16. dxe5 dxe5 17. Bxe6 Qxe6 18. Qc2 Rad8 19. Rad1 Bc5 
20. Re2 Be7 21. Red2 g6 22. a5 Kg7 23. Qa4 Rxd2 24. Rxd2 Rd8 25. Rxd8 Bxd8 
26. g3 Qd6 27. Kf1 c6 28. Kg2 Qc5 29. g4 Bc7 30. Qd1 Qxa5 31. Qd7 c5 32. g5 h5 
33. Qe7 c4 34. Kg3 Kg8 35. Qe8+ Kg7 36. Qe7 Qb6 37. Nxe5 Bxe5+ 38. Qxe5+ Kg8 
39. h4 Qxb2 40. Qe8+ Kg7 41. Qe5+ Kh7 42. Qf6 Kg8 43. Qd8+ Kg7 44. Qf6+ Kg8 
45. Qd8+ Kg7 46. Qf6+ Kg8 1/2-1/2

[Event "Tuesday 24 April Rapid Engine Tour 12+1 Rounds 9 Starts 1600ST"]
[Site "Infinity Chess"]
[Date "2018.4.24"]
[Round "6"]
[White "quicksilver"]
[Black "ironchess"]
[Result "1/2-1/2 "]
[ECO "C43"]
[WhiteElo "2551"]
[BlackElo "2541"]
[WhiteEngine "Cryptic Heroes 9.4B"]
[BlackEngine "Cryptic Heroes 9.4B"]
[EventType "Swiss"]
[WhiteTeam ""]
[BlackTeam ""]
[PlyCount "344"]
[TimeControl "720+1"]

1. e4 e5 2. Nf3 Nf6 3. d4 Nxe4 4. Bd3 d5 5. Nxe5 Bd6 6. O-O O-O 7. c4 Bxe5 
8. dxe5 Nc6 9. cxd5 Qxd5 10. Qc2 Nd4 11. Bxe4 Nxc2 12. Bxd5 Bf5 13. g4 Bxg4 
14. Be4 Nxa1 15. Bf4 f6 16. Nc3 fxe5 17. Bg3 Bf3 18. Rxa1 Bxe4 19. Nxe4 Rae8 
20. Kg2 h6 21. h4 Re6 22. Rd1 Rfe8 23. Rd2 Ra6 24. b3 Rc6 25. Kf3 Re7 26. Kg4 b6 
27. Re2 Rc1 28. Kf5 Kf7 29. Bh2 g6+ 30. Kg4 Rd1 31. f3 c5 32. Bg3 Rd5 
33. Kh3 Ke6 34. Be1 Rf7 35. Kg2 Rf4 36. Re3 Rf8 37. Rc3 Rf4 38. Kg3 Rd1 
39. Re3 Rf5 40. Kg2 Rd5 41. Kg3 Rd1 42. Bc3 Rh5 43. Kg4 Rf5 44. Kg3 Rh5 
45. Kg4 Rf5 46. Kh3 Rd5 47. Kg3 Rf8 48. Ba1 h5 49. Bb2 Kd7 50. Bc1 Rd1 
51. Bb2 Rd5 52. Bc1 Rd1 53. Bd2 Kc6 54. Bc3 Rd5 55. Be1 Rd4 56. Bc3 Rd5 
57. Kg2 Rfd8 58. Re1 Rf8 59. Re3 Rfd8 60. Re2 Rf8 61. Nf2 Rg8 62. Kh2 Rf8 
63. Kg2 Rg8 64. Ne4 Rf8 65. Bd2 Rd3 66. Be3 a5 67. Nf2 Rd7 68. Rc2 Rdf7 
69. Nd3 Rf5 70. a4 Kc7 71. Bh6 Rd8 72. Nf2 Kb7 73. Rc3 Rf7 74. Kg3 Rd5 
75. Nd3 Re7 76. Bg5 Re6 77. Nf2 Red6 78. Re3 Re6 79. Ne4 Rd1 80. Rc3 Rc6 
81. Bf6 Re6 82. Kf2 Ka6 83. Bg5 Rc6 84. Bf6 Rh1 85. Bg5 Rc7 86. Ke2 Rc6 
87. Ke3 Re1+ 88. Kd2 Rh1 89. Bd8 Ra1 90. Kc2 c4 91. Kb2 Rd1 92. Bg5 b5 
93. Nd2 bxa4 94. bxc4 Rb6+ 95. Kc2 Ra1 96. c5 Rc6 97. Ne4 Rh1 98. Kd3 Rc7 
99. c6 a3 100. Rxa3 Rxc6 101. Bd2 Rxh4 102. Rxa5+ Kb7 103. Rb5+ Ka6 
104. Ra5+ Kb7 105. Rxe5 Rh1 106. Bf4 h4 107. Re8 Rd1+ 108. Ke3 Rd5 109. Bg5 Rc8 
110. Rxc8 Kxc8 111. Bxh4 Kc7 112. Be1 Rb5 113. Kf4 Kd7 114. Bc3 Ke6 
115. Nd2 Rf5+ 116. Kg4 Rb5 117. Bh8 Kf7 118. Ne4 Ke6 119. Ng5+ Ke7 120. Ne4 Ke6 
121. Bc3 Kd7 122. Nf2 Rf5 123. Bd4 Ke6 124. Be3 Rd5 125. Ne4 Kf7 126. Bd2 Ke7 
127. Be1 Ke6 128. Ng5+ Kd7 129. Bf2 Ke7 130. Be3 Kf6 131. Bf4 Rd1 132. Bd2 Rf1 
133. Bc3+ Ke7 134. Bd2 Kf6 135. Ne4+ Kf7 136. Bc3 Ke6 137. Ng5+ Ke7 138. Kf4 Rb1 
139. Nh3 Rb3 140. Bd2 Ke6 141. Be1 Kf6 142. Bh4+ Ke6 143. Be1 Kd5 144. Nf2 Rb1 
145. Bd2 Rb3 146. Ne4 Rd3 147. Be3 Ra3 148. Bf2 Rd3 149. Nf6+ Ke6 150. Ne4 Rd5 
151. Kg4 Ke7 152. Be3 Ke6 153. Ng3 Kf7 154. f4 Rd1 155. Ne4 Ke6 156. Bc5 Rd5 
157. Bf2 Rd1 158. Be3 Kf7 159. Bb6 Rf1 160. Bc5 Kg7 161. Bd4+ Kf7 162. Bc5 Rb1 
163. Bf2 Kf8 164. Ng5 Ke7 165. Kg3 Kf6 166. Kg4 Rd1 167. Nf3 Rf1 168. Bd4+ Kf7 
169. Ne5+ Kf6 170. Nf3+ Kf7 171. Ng5+ Kg8 172. Ne4 Kf7 1/2-1/2

[Event "Tuesday 24 April Rapid Engine Tour 12+1 Rounds 9 Starts 1600ST"]
[Site "Infinity Chess"]
[Date "2018.4.24"]
[Round "6"]
[White "star99"]
[Black "Deep_Impact"]
[Result "1/2-1/2"]
[ECO "C50"]
[WhiteElo "2490"]
[BlackElo "2456"]
[WhiteEngine "Cryptic Heroes 9.4B"]
[BlackEngine "BrainFish_180411_x64_bmi2"]
[EventType "Swiss"]
[WhiteTeam ""]
[BlackTeam ""]
[PlyCount "108"]
[TimeControl "720+1"]

1. e4 e5 2. Nf3 Nc6 3. Bc4 Bc5 4. d3 Nf6 5. c3 d6 6. Bb3 O-O 7. h3 h6 8. Nbd2 a5 
9. O-O Be6 10. Re1 Bxb3 11. Qxb3 a4 12. Qc2 Re8 13. Nf1 d5 14. Be3 Bf8 
15. Bd2 b5 16. Rad1 b4 17. Ng3 a3 18. b3 bxc3 19. Bxc3 d4 20. Bd2 Na7 21. Nh2 c5 
22. f4 exf4 23. Bxf4 Nc6 24. Bd2 Re6 25. Nf3 Qb8 26. Nf5 Ra7 27. Rf1 Ne8 
28. g4 Nc7 29. h4 Nb5 30. h5 Rd7 31. Qc1 Qd8 32. g5 Nc3 33. Bxc3 dxc3 
34. gxh6 g6 35. h7+ Kxh7 36. Ng5+ Kg8 37. Nxe6 fxe6 38. Nh6+ Bxh6 39. Qxh6 Rh7 
40. Qf4 Rxh5 41. Rc1 Rg5+ 42. Kh1 Rh5+ 43. Kg2 Rg5+ 44. Kh1 Rh5+ 45. Kg1 Ne5 
46. Rxc3 Rg5+ 47. Kh1 Rh5+ 48. Kg1 Qd4+ 49. Rf2 Qxc3 50. Qf8+ Kh7 51. Qe7+ Kh6 
52. Qf8+ Kh7 53. Qe7+ Kh6 54. Qf8+ Kh7 1/2-1/2

[Event "Tuesday 24 April Rapid Engine Tour 12+1 Rounds 9 Starts 1600ST"]
[Site "Infinity Chess"]
[Date "2018.4.24"]
[Round "6"]
[White "Susanne"]
[Black "mcstar"]
[Result "1/2-1/2"]
[ECO "B30"]
[WhiteElo "2543"]
[BlackElo "2614"]
[WhiteEngine "asmFishW_IX_bmi2_CTG"]
[BlackEngine "Cryptic Heroes 9.4B"]
[EventType "Swiss"]
[WhiteTeam ""]
[BlackTeam ""]
[PlyCount "133"]
[TimeControl "720+1"]

1. e4 c5 2. Nf3 Nc6 3. Nc3 g6 4. d4 cxd4 5. Nxd4 Bg7 6. Nxc6 bxc6 7. a3 Qc7 
8. Bc4 Nf6 9. O-O O-O 10. Qf3 Rb8 11. Re1 d6 12. Rb1 Nd7 13. Qg3 Ne5 14. Ba2 e6 
15. Qh4 Ba6 16. Bh6 Rfd8 17. Bxg7 Kxg7 18. f4 Nd7 19. f5 Re8 20. Rbd1 exf5 
21. Bxf7 g5 22. Qh3 Re5 23. exf5 Rxe1+ 24. Rxe1 Qb6+ 25. Kh1 Qf2 26. Ra1 g4 
27. Qxg4+ Kxf7 28. Ne4 Nf6 29. Nxf2 Nxg4 30. Nxg4 Rxb2 31. Rc1 h5 32. Ne3 d5 
33. g4 d4 34. Nd1 Ra2 35. g5 Rxa3 36. Nf2 Ra5 37. Ne4 Kf8 38. Rd1 Rd5 
39. Nf6 Be2 40. Re1 Bf3+ 41. Kg1 Rxf5 42. h4 Kf7 43. Kh2 a5 44. Kg3 Kg7 
45. Rf1 Be4 46. Nxh5+ Kh8 47. Rc1 Rf3+ 48. Kg4 Rc3 49. Nf6 Bxc2 50. Kf4 a4 
51. h5 a3 52. Ra1 Re3 53. g6 Kg7 54. Ng4 Rb3 55. Re1 Bxg6 56. hxg6 a2 
57. Ra1 Ra3 58. Ne5 c5 59. Ke4 Ra4 60. Nd3 c4 61. Nb2 Ra8 62. Nxc4 Kxg6 
63. Kxd4 Ra6 64. Nb2 Kf5 65. Kc4 Ra3 66. Kd4 Ra8 67. Nd3 1/2-1/2

[Event "Tuesday 24 April Rapid Engine Tour 12+1 Rounds 9 Starts 1600ST"]
[Site "Infinity Chess"]
[Date "2018.4.24"]
[Round "5"]
[White "Longin"]
[Black "Deep_Impact"]
[Result "1/2-1/2 "]
[ECO "C50"]
[WhiteElo "2487"]
[BlackElo "2455"]
[WhiteEngine "Raubfisch ME262_GTZ17b1_CTG"]
[BlackEngine "BrainFish_180411_x64_bmi2"]
[EventType "Swiss"]
[WhiteTeam ""]
[BlackTeam ""]
[PlyCount "198"]
[TimeControl "720+1"]

1. e4 e5 2. Nf3 Nc6 3. Bc4 Bc5 4. O-O Nf6 5. d3 d6 6. c3 a5 7. Nbd2 O-O 
8. Re1 h6 9. Nf1 Be6 10. Bb5 Ne7 11. d4 exd4 12. cxd4 Bb6 13. Ng3 d5 14. e5 Ne4 
15. Nxe4 dxe4 16. Rxe4 c5 17. Bd3 cxd4 18. Nh4 Qd7 19. Qh5 f5 20. exf6 Rxf6 
21. Bf4 Bf7 22. Qe2 Nc6 23. Be5 Nxe5 24. Rxe5 Re8 25. Nf3 Bc7 26. Rxe8+ Qxe8 
27. Qxe8+ Bxe8 28. Rc1 Bc6 29. Nxd4 Bb6 30. Nf5 a4 31. Rc2 Kf8 32. Kf1 Bd5 
33. a3 Bc6 34. h3 Bd7 35. Nh4 g5 36. Ng6+ Kg7 37. Ne7 Be6 38. Be4 Bb3 
39. Nf5+ Rxf5 40. Bxf5 Kf6 41. Be4 Bxc2 42. Bxc2 Bd4 43. b3 axb3 44. Bxb3 b5 
45. Ke2 Bc5 46. a4 bxa4 47. Bxa4 Kf5 48. Bd7+ Kf4 49. Bg4 Ke5 50. Bf3 Bd6 
51. Bg4 Bc5 52. Kf3 Kd6 53. Kg3 Kd5 54. Kf3 Kd6 55. Bc8 h5 56. Bf5 g4+ 
57. hxg4 hxg4+ 58. Ke2 Ke5 59. Bd7 Ke4 60. Be6 Ke5 61. Bb3 Bd4 62. Bc4 Kd6 
63. Ba2 Bb6 64. Bb3 Bd4 65. Ba4 Kc5 66. Bb3 Kd6 67. Bc4 Kc5 68. Ba6 Kd6 
69. Bd3 Kd7 70. Bb5+ Kc7 71. Bc4 Kd6 72. Ba6 Kd5 73. Bc8 Ke4 74. Be6 Bc5 
75. Bf7 Kf5 76. Bg8 Bd4 77. Bh7+ Kf4 78. g3+ Ke5 79. Bd3 Ke6 80. Kf1 Kf6 
81. Be4 Ke5 82. Bc2 Kd5 83. Bb3+ Ke4 84. Bf7 Kf5 85. Be8 Ke4 86. Bd7 Ke5 
87. Ke2 Kd6 88. Bb5 Ke6 89. Bc4+ Ke5 90. Bb3 Kf6 91. Ba4 Ke6 92. Bb5 Kd6 
93. Bd3 Ke6 94. Bc4+ Ke5 95. Bf7 Kf5 96. Bd5 Kf6 97. Be4 Ke6 98. Bd3 Kd6 
99. Be4 Ke6 1/2-1/2

[Event "Tuesday 24 April Rapid Engine Tour 12+1 Rounds 9 Starts 1600ST"]
[Site "Infinity Chess"]
[Date "2018.4.24"]
[Round "5"]
[White "NINJA_JENGKA"]
[Black "coreoptimist"]
[Result "1-0"]
[ECO "A06"]
[WhiteElo "2376"]
[BlackElo "2069"]
[WhiteEngine "Houdini 6"]
[BlackEngine "asmFishW_2018-04-11_bmi2_CTG"]
[EventType "Swiss"]
[WhiteTeam ""]
[BlackTeam ""]
[PlyCount "249"]
[TimeControl "720+1"]

1. Nf3 d5 2. d4 Nf6 3. e3 e6 4. c4 Be7 5. Nc3 O-O 6. a3 c5 7. cxd5 Nxd5 
8. Bd3 Nxc3 9. bxc3 Nc6 10. Bb2 b6 11. Qc2 h6 12. Rd1 Bb7 13. O-O Qc7 
14. Qe2 Rac8 15. e4 Rfe8 16. h3 Bf6 17. e5 Be7 18. Qe4 g6 19. Qf4 Bf8 
20. Nd2 Red8 21. Ne4 Ne7 22. Nf6+ Kh8 23. Qh4 cxd4 24. cxd4 Ng8 25. Ne4 Qd7 
26. Rd2 Rc7 27. Qf4 h5 28. Qh4 Be7 29. Qg3 Bf8 30. d5 Bxd5 31. Nd6 Bg7 
32. a4 Rf8 33. Nb5 Rcc8 34. Ba3 Rfd8 35. Rb1 Nh6 36. Nd6 Rc3 37. Bb4 Rxd3 
38. Rxd3 Qxa4 39. Qg5 Rf8 40. Qd2 Kh7 41. f4 Rd8 42. Kh2 Qd7 43. Rc3 Qa4 
44. Ba3 Rb8 45. Rb5 Rd8 46. Rb4 Qa6 47. Rd4 Rd7 48. Rdd3 Qa4 49. Bc1 Qb4 
50. Bb2 b5 51. Ba3 Qa4 52. Rc8 Ng8 53. Bc1 Qa6 54. Rb8 Bc4 55. Rd4 Bd5 
56. Bb2 Qc6 57. Nxb5 Nh6 58. Nd6 a5 59. Rc8 Qb6 60. Bc3 Qa6 61. Rc5 a4 
62. Ra5 Qc6 63. Raxa4 Bf8 64. Bb2 Bxd6 65. exd6 Qxd6 66. Rdb4 Rd8 67. Qd4 Rg8 
68. Ra7 g5 69. Qd3+ Rg6 70. Ra8 Ng8 71. Rc4 e5 72. Bxe5 Bxc4 73. Qxd6 Rxd6 
74. Bxd6 gxf4 75. Bxf4 Ne7 76. Be5 Ng8 77. Bb2 Nh6 78. Kg3 Kg6 79. Kf4 f6 
80. g4 hxg4 81. hxg4 Be2 82. Rd8 Bxg4 83. Rd6 Be2 84. Bxf6 Nf7 85. Rb6 Kh5 
86. Rb3 Kg6 87. Be7 Nh6 88. Rg3+ Kf7 89. Ba3 Bc4 90. Kg5 Ng8 91. Rc3 Be6 
92. Rc2 Ke8 93. Kg6 Bf7+ 94. Kg7 Bb3 95. Rd2 Bc4 96. Rd4 Ba2 97. Bb4 Be6 
98. Ba5 Ba2 99. Rd3 Bc4 100. Rd8+ Ke7 101. Rd4 Be6 102. Bd2 Ke8 103. Bg5 Ne7 
104. Kf6 Bd5 105. Rd1 Be4 106. Re1 Nd5+ 107. Kg7 Nc3 108. Bd2 Nb1 109. Rxe4+ Kd7 
110. Bb4 Kc6 111. Re1 Kd5 112. Rxb1 Kc4 113. Kf6 Kd5 114. Rd1+ Kc6 115. Ke5 Kb5 
116. Rc1 Kxb4 117. Kd5 Kb3 118. Rc4 Ka3 119. Kc5 Kb3 120. Kb5 Ka2 121. Ka4 Kb2 
122. Kb4 Ka1 123. Rc2 Kb1 124. Kb3 Ka1 125. Rc1# 1-0

[Event "Tuesday 24 April Rapid Engine Tour 12+1 Rounds 9 Starts 1600ST"]
[Site "Infinity Chess"]
[Date "2018.4.24"]
[Round "5"]
[White "firestar"]
[Black "KQRBNP"]
[Result "1-0"]
[ECO "D05"]
[WhiteElo "2318"]
[BlackElo "2370"]
[WhiteEngine "Cryptic Heroes 9.4B"]
[BlackEngine "Eman 1.70-beta25 64-bit POPCNT"]
[EventType "Swiss"]
[WhiteTeam ""]
[BlackTeam ""]
[PlyCount "165"]
[TimeControl "720+1"]

1. d4 d5 2. Nf3 Nf6 3. e3 e6 4. Nbd2 Be7 5. b3 O-O 6. Bb2 b6 7. Bd3 c5 
8. O-O Nc6 9. a3 Bb7 10. dxc5 bxc5 11. c4 h6 12. Re1 Re8 13. cxd5 exd5 
14. e4 Rb8 15. Qc2 d4 16. Nc4 Nd7 17. Bc1 Qc7 18. e5 Nd8 19. Bf4 Ne6 20. Bg3 Rf8 
21. Nfd2 Bg5 22. Rad1 Bf4 23. Bh7+ Kh8 24. Bf5 Bxg3 25. hxg3 Bd5 26. Rc1 Qc6 
27. Be4 Bxe4 28. Nxe4 Qd5 29. Qd1 Nb6 30. Ncd2 Rbc8 31. Nd6 Rc6 32. Nf5 Qd7 
33. Ne4 Ng5 34. Qg4 d3 35. Red1 g6 36. Nxg5 hxg5 37. Qh3+ Kg8 38. Nd6 g4 
39. Qh4 Qe6 40. Rxd3 Nd7 41. Nc4 Kg7 42. Qg5 Rh8 43. Qd2 Nb6 44. Ne3 Rhc8 
45. Rd6 Qxe5 46. Rxc6 Rxc6 47. Nxg4 Qe6 48. f3 Qd7 49. Qc3+ f6 50. Kh2 Qd6 
51. Qe3 g5 52. Re1 Qd7 53. Qe4 Rc7 54. a4 a5 55. Qe6 Nd5 56. Qa6 Ra7 57. Qc4 Qc6 
58. Rc1 Nb4 59. Ne3 Kg6 60. f4 Rh7+ 61. Kg1 gxf4 62. gxf4 Qe8 63. Rc3 Rh4 
64. Nf1 Kg7 65. Qxc5 Qd8 66. Rc4 Kh6 67. Rd4 Nd3 68. Qa7 Qxd4+ 69. Qxd4 Nxf4 
70. Qxf6+ Ng6 71. Ng3 Rf4 72. Nf5+ Kh5 73. g3 Re4 74. Nd6 Rg4 75. Kg2 Nf4+ 
76. Kf3 Ng6 77. Nf7 Nh4+ 78. Kf2 Rg8 79. Qh6+ Kg4 80. Qe6+ Nf5 81. Qe2+ Kh3 
82. Qh5+ Nh4 83. Qxh4# 1-0

[Event "Tuesday 24 April Rapid Engine Tour 12+1 Rounds 9 Starts 1600ST"]
[Site "Infinity Chess"]
[Date "2018.4.24"]
[Round "5"]
[White "OlivierEvan"]
[Black "angriff"]
[Result "1/2-1/2"]
[ECO "C24"]
[WhiteElo "2398"]
[BlackElo "2392"]
[WhiteEngine "Houdini 6"]
[BlackEngine "DracoREX 3.07 64BIT POPCNT_CTG"]
[EventType "Swiss"]
[WhiteTeam ""]
[BlackTeam ""]
[PlyCount "166"]
[TimeControl "720+1"]

1. e4 e5 2. Bc4 Nf6 3. d3 Bc5 4. Nf3 Nc6 5. O-O d6 6. c3 O-O 7. Bg5 a5 8. a4 h6 
9. Bh4 g5 10. Bg3 Kg7 11. Na3 Ne7 12. Re1 Ng6 13. d4 exd4 14. Nxd4 h5 15. f3 h4 
16. Bf2 Ne5 17. Bb3 Nh5 18. Nc4 Qf6 19. Rf1 Kg8 20. Nb5 Qe7 21. Ne3 Be6 
22. Nd4 Qf6 23. Nef5 Nf4 24. Be3 Bxd4 25. Nxd4 Rae8 26. h3 b6 27. Qc2 Bd7 
28. Qd2 Kh8 29. Kh1 Rg8 30. Bxf4 gxf4 31. Ne2 Ng6 32. Rg1 Re5 33. Rab1 Rg5 
34. Bc2 Be6 35. b3 Rd8 36. Rbe1 Rf8 37. b4 Rg8 38. Ref1 Bc4 39. Bd3 Be6 
40. Rb1 Rd8 41. Rbd1 Ra8 42. Bc2 Rg8 43. Rb1 Bc4 44. Bd3 Be6 45. Ra1 Kg7 
46. Bc2 Kh8 47. Rad1 Bc4 48. Bd3 Bb3 49. Ra1 Be6 50. Raf1 Ra8 51. Bb5 Re5 
52. Rd1 Rg5 53. Bc6 Rg8 54. Bd5 Bxd5 55. exd5 Ra8 56. bxa5 Rxa5 57. c4 Ne5 
58. Qa2 Nd7 59. Qc2 Nc5 60. Nc3 Re5 61. Nb5 Re7 62. Rge1 Rxa4 63. Rxe7 Qxe7 
64. Qf5 Rxc4 65. Nxc7 Qxc7 66. Re1 Ne4 67. fxe4 Rc1 68. Rxc1 Qxc1+ 69. Kh2 Qe1 
70. Qxf4 Kg7 71. Qg5+ Kf8 72. Qh6+ Ke7 73. Qf4 b5 74. Qg5+ Kd7 75. Qf5+ Kc7 
76. Qxf7+ Kb6 77. Qd7 Qg3+ 78. Kg1 b4 79. Qc6+ Ka5 80. Qa8+ Kb5 81. Qc6+ Ka5 
82. Qa8+ Kb5 83. Qc6+ Ka5 1/2-1/2

[Event "Tuesday 24 April Rapid Engine Tour 12+1 Rounds 9 Starts 1600ST"]
[Site "Infinity Chess"]
[Date "2018.4.24"]
[Round "5"]
[White "SkyPilot"]
[Black "MedusaV3"]
[Result "1/2-1/2"]
[ECO "C55"]
[WhiteElo "2440"]
[BlackElo "2428"]
[WhiteEngine "stockfish_x64_bmi2_2018_04_07_CTG"]
[BlackEngine "Eman 1.70-beta23 64-bit BMI2_CTG"]
[EventType "Swiss"]
[WhiteTeam ""]
[BlackTeam ""]
[PlyCount "119"]
[TimeControl "720+1"]

1. e4 e5 2. Nf3 Nc6 3. Bc4 Nf6 4. d3 Bc5 5. c3 d6 6. O-O a5 7. Re1 O-O 
8. Nbd2 a4 9. Bb5 Bd7 10. Nf1 Ng4 11. Re2 Ra5 12. Bxc6 Bxc6 13. h3 Nxf2 
14. Rxf2 Bxf2+ 15. Kxf2 f5 16. exf5 Rxf5 17. N1d2 d5 18. Kg1 Ra8 19. Qe2 Qd6 
20. Nf1 d4 21. N1d2 Raf8 22. Ne4 Qg6 23. Kh2 Rxf3 24. gxf3 Qh5 25. Qg2 Qxf3 
26. Qxf3 Rxf3 27. cxd4 exd4 28. Nc5 Kf7 29. b3 h5 30. h4 Rf2+ 31. Kg3 Rf3+ 
32. Kh2 Rf2+ 33. Kg1 Rg2+ 34. Kf1 Rh2 35. bxa4 b6 36. Nb3 Rxh4 37. Bd2 Rh1+ 
38. Ke2 Rh2+ 39. Kf1 Bxa4 40. Kg1 Rh3 41. Rf1+ Ke8 42. Nxd4 Rxd3 43. Nf3 Bc6 
44. Re1+ Kd8 45. Bg5+ Kc8 46. Ne5 Rg3+ 47. Kh2 Rg2+ 48. Kh3 Bb7 49. Nf7 Rg4 
50. Re8+ Kd7 51. Rg8 Bg2+ 52. Kh2 Bd5 53. Rxg7 Bxf7 54. Rxf7+ Ke6 55. Rxc7 Rxg5 
56. Rc6+ Kd5 57. Rxb6 Kc5 58. Rb7 Re5 59. Kh3 Re4 60. Kg3 1/2-1/2

[Event "Tuesday 24 April Rapid Engine Tour 12+1 Rounds 9 Starts 1600ST"]
[Site "Infinity Chess"]
[Date "2018.4.24"]
[Round "5"]
[White "blindfoldchess"]
[Black "Katzenmaier"]
[Result "1/2-1/2 "]
[ECO "C26"]
[WhiteElo "2442"]
[BlackElo "2482"]
[WhiteEngine "Cryptic Heroes 9.4B"]
[BlackEngine "Raubfisch X36e3"]
[EventType "Swiss"]
[WhiteTeam ""]
[BlackTeam ""]
[PlyCount "159"]
[TimeControl "720+1"]

1. e4 e5 2. Nc3 Nf6 3. g3 d5 4. exd5 Nxd5 5. Bg2 Nxc3 6. bxc3 Bd6 7. Nf3 O-O 
8. O-O Nc6 9. Rb1 Rb8 10. d4 Bf5 11. Nh4 Bd7 12. Be3 b6 13. Qh5 g6 14. Qe2 Re8 
15. Nf3 Bg4 16. Qb5 exd4 17. cxd4 Na5 18. Rbc1 c6 19. Qd3 Bf5 20. Qc3 Be6 
21. Bh6 Bf8 22. Bxf8 Rxf8 23. a4 Bd5 24. Rfe1 f6 25. Qd3 Nc4 26. Bh3 b5 
27. Nd2 Rf7 28. Nxc4 bxc4 29. Qd2 Qd6 30. Bg2 Kg7 31. c3 a5 32. Qe2 Qd7 
33. h4 h5 34. Qd2 Bxg2 35. Kxg2 c5 36. d5 Qxa4 37. Re4 Qb5 38. Qa2 Rd7 
39. Qe2 Qb7 40. Rd1 a4 41. Qxc4 a3 42. Ree1 Qb5 43. Qe4 a2 44. Ra1 Ra8 
45. Re2 Ra4 46. Qe6 Rda7 47. d6 Qb7+ 48. Kh2 Qc6 49. Rd2 Qd7 50. Qd5 R4a5 
51. Kg1 R7a6 52. Qd3 Ra7 53. Kh2 Ra3 54. Qe3 R3a5 55. Qe4 Kh6 56. Qd5 Kg7 
57. Re2 Qf7 58. Qe4 R5a6 59. Qd3 Ra3 60. Qe3 R3a5 61. Rd2 Qd7 62. Qd3 Kh6 
63. Re2 Qd8 64. Rd2 Qd7 65. Re2 Qd8 66. Re4 Kg7 67. Re6 Rd7 68. Qd2 Rda7 
69. Qd3 Kf7 70. Qd5 Kg7 71. Qd2 R5a6 72. Qd5 Ra5 73. Kg1 Qa8 74. Qd3 Rb7 
75. Kh2 Qd8 76. Qe4 Rba7 77. Qd5 Qa8 78. Qd3 Qd8 79. Kg1 Rd7 80. Qd2 1/2-1/2

[Event "Tuesday 24 April Rapid Engine Tour 12+1 Rounds 9 Starts 1600ST"]
[Site "Infinity Chess"]
[Date "2018.4.24"]
[Round "5"]
[White "draxlord"]
[Black "juggernaut"]
[Result "1/2-1/2"]
[ECO "D12"]
[WhiteElo "2383"]
[BlackElo "2454"]
[WhiteEngine "Cryptic Heroes 9.4B"]
[BlackEngine "Cryptic Heroes 9.4B"]
[EventType "Swiss"]
[WhiteTeam ""]
[BlackTeam ""]
[PlyCount "101"]
[TimeControl "720+1"]

1. d4 d5 2. c4 c6 3. Nf3 Nf6 4. e3 Bf5 5. Nc3 e6 6. Nh4 Bg6 7. Bd2 Nbd7 
8. Nxg6 hxg6 9. g3 Bb4 10. Qb3 Ba5 11. Bg2 O-O 12. O-O Rb8 13. Rfd1 Nb6 
14. Nxd5 Nbxd5 15. Bxa5 Qxa5 16. cxd5 exd5 17. a4 g5 18. Qa3 Rfc8 19. h3 Qd8 
20. Rdc1 Rc7 21. b4 Rbc8 22. b5 b6 23. bxc6 Rxc6 24. Rxc6 Rxc6 25. Bf3 Qd7 
26. Kg2 Qe6 27. Rc1 a5 28. Rxc6 Qxc6 29. Be2 Qc7 30. Bb5 g6 31. Bd3 Kg7 
32. Qa2 Qc6 33. Qb3 Qe6 34. Qa3 Qd7 35. Kh2 Qd8 36. Kh1 Qc8 37. Kh2 g4 
38. h4 Qc7 39. Kg2 Qd7 40. Kh2 Qc6 41. Qb3 Kh6 42. Qb5 Qxb5 43. Bxb5 Ne4 
44. Kg2 Kh5 45. Be8 f5 46. f3 Nc3 47. Kf2 Nd1+ 48. Ke2 Nc3+ 49. Kf2 Nd1+ 
50. Ke2 Nc3+ 51. Kf2 1/2-1/2